 Dungeon Crawl Stone Soup version 0.20.1-1-g8b1a95d (webtiles) character file.

445 VanSlam the Archer (level 6, 0/50 HPs)
             Began as a Minotaur Hunter on July 30, 2017.
             Was a Believer of Lugonu.
             Slain by Pikel
             ... wielding a +0 whip of flaming
              (1 damage)
             ... on level 4 of the Dungeon on July 31, 2017.
             The game lasted 00:34:08 (3402 turns).

VanSlam the Archer (Minotaur Hunter)                Turns: 3402, Time: 00:34:08

Health: 0/50       AC:  8    Str: 16    XL:     6   Next: 72%
Magic:  5/5        EV:  8    Int:  8    God:    Lugonu [**....]
Gold:   205        SH:  0    Dex: 13    Spells: 5/5 levels left

rFire    . . .     SeeInvis .   a - +2 shortbow
rCold    . . .     Gourm    .   (shield currently unavailable)
rNeg     . . .     Faith    .   e - +0 chain mail
rPois    .         Spirit   .   (helmet restricted)
rElec    .         Reflect  .   (no cloak)
rCorr    .         Harm     .   (no gloves)
MR       .....                  (no boots)
Stlth    ..........             (no amulet)
Regen    0.2/turn               l - ring of stealth
MPRegen  0.1/turn               (no ring)

@: no status effects
A: retaliatory headbutt, horns 2
a: Depart the Abyss, Bend Space, Renounce Religion


You were on level 4 of the Dungeon.
You worshipped Lugonu.
Lugonu was pleased with you.
You were not hungry.

You visited 1 branch of the dungeon, and saw 4 of its levels.

You collected 205 gold pieces.

Inventory:

Hand Weapons
 a - a +2 shortbow (weapon)
 b - a +0 short sword
 v - a +0 flail
 x - a +0 falchion
 z - a +0 arbalest
Missiles
 d - 8 arrows (quivered)
 o - 23 sling bullets
 r - 24 bolts
Armour
 e - a +0 chain mail (worn)
 n - a +0 animal skin
 u - a +0 shield
Jewellery
 l - a ring of stealth (left hand)
Wands
 i - a wand of polymorph (10/24)
 j - a wand of disintegration (21/24)
 q - a wand of confusion (10/48)
Scrolls
 m - a scroll of teleportation
Comestibles
 f - 2 bread rations
 h - 3 meat rations
 k - 2 chunks of flesh


   Skills:
 - Level 2.4 Fighting
 * Level 8.3 Bows
 * Level 3.8 Dodging
 - Level 0.7 Stealth


You had 5 spell levels left.
You didn't know any spells.

Dungeon Overview and Level Annotations

Branches:
Dungeon (4/15)
 Temple: D:4-7

Altars:
Cheibriados
Lugonu

Annotations:
D:4 Pikel


Innate Abilities, Weirdness & Mutations

You reflexively headbutt those who attack you in melee.
You have a pair of horns on your head.


Message History

* * * LOW HITPOINT WARNING * * *
You see here an arrow.
Firing (i - inventory):
d - 10 arrows (quivered)
Press: ? - help, Shift-Dir - straight line, f/p - slave
Aim: a slave, wearing an animal skin You shoot an arrow.
The arrow hits the slave.
The slave is lightly wounded.
Pikel barely misses you. The slave misses you. The slave barely misses you.
Pikel scowls and wipes his hands on his robe.
The slave hits you.
* * * LOW HITPOINT WARNING * * *
Firing (i - inventory):
d - 9 arrows (quivered)
Press: ? - help, Shift-Dir - straight line, f/p - slave
Aim: a slave, wearing an animal skin (lightly wounded)
You shoot an arrow. The arrow hits Pikel!
Pikel is moderately wounded.
Pikel hits you with a whip of flaming.
* * * LOW HITPOINT WARNING * * *
Pikel burns you.
You die...

#.....# #.....#.......#
#.....# #...).#.......'
#.....# #.....#########
####### ##..<....##...#
#...(...#.....
#.......#.....
#......)#.....
###########......))(####
#....pK@........####....
#......p........## ....
#.([......(........ ....
#.....(.((.(............
###########(..≈≈≈≈......
#..⌠≈≈≈≈..####
#.(.≈≈≈≈.. #p.....
(.....


You could see Pikel and 2 slaves.

Vanquished Creatures
  Eustachio (D:4)
  2 slaves (D:4)
  The ghost of Goboxel the Slasher, an amateur DrMo (D:3)
  A hound (D:4)
  Jessica (D:3)
  Robin (D:4)
  4 adders
  An ooze (D:3)
  2 worms (D:3)
  2 dart slugs
  6 leopard geckos
  4 orcs (D:3)
  7 giant cockroaches
  19 goblins
  6 hobgoblins
  7 jackals
  2 quokkas (D:3)
  6 bats
  2 frilled lizards
  13 kobolds
  3 rats
91 creatures vanquished.

Vanquished Creatures (others)
  A bush (D:1)
1 creature vanquished.

Grand Total: 92 creatures vanquished

Notes
Turn   | Place    | Note
-------+----------+-------------------------------------------
     0 | D:1      | VanSlam the Minotaur Hunter began the quest for the Orb.
     0 | D:1      | Reached XP level 1. HP: 18/18 MP: 0/0
   247 | D:1      | Reached XP level 2. HP: 25/25 MP: 1/1
   304 | D:1      | Reached skill level 5 in Bows
   715 | D:2      | Reached XP level 3. HP: 27/30 MP: 2/2
   919 | D:2      | Found a snail-covered altar of Cheibriados.
  1408 | D:2      | Reached XP level 4. HP: 35/37 MP: 3/3
  1969 | D:3      | Noticed Goboxel's ghost (amateur DrMo)
  1980 | D:3      | Reached skill level 6 in Bows
  2011 | D:3      | Killed Goboxel's ghost
  2011 | D:3      | Reached XP level 5. HP: 38/42 MP: 4/4
  2292 | D:3      | Noticed Jessica
  2298 | D:3      | Killed Jessica
  2298 | D:3      | Reached skill level 7 in Bows
  2566 | D:3      | Found a faded altar of an unknown god.
  2820 | D:3      | Became a worshipper of Lugonu the Unformed
  2820 | D:3      | Reached * piety under Lugonu
  2820 | D:3      | Reached ** piety under Lugonu
  2931 | D:4      | Noticed Eustachio
  2953 | D:4      | Killed Eustachio
  2953 | D:4      | Reached XP level 6. HP: 34/50 MP: 5/5
  3059 | D:4      | Noticed Robin
  3069 | D:4      | Reached skill level 8 in Bows
  3073 | D:4      | Killed Robin
  3360 | D:4      | Noticed a slave
  3361 | D:4      | Noticed a slave
  3361 | D:4      | Noticed a slave
  3362 | D:4      | Noticed Pikel
  3369 | D:4      | Noticed a slave
  3379 | D:4      | Killed a slave
  3391 | D:4      | Killed a slave
  3402 | D:4      | HP: 1/50 [Pikel/whip of flaming (4)]
  3402 | D:4      | Slain by Pikel

Skill      XL: |  1  2  3  4  5  6 |
---------------+-------------------+-----
Bows           | 5 6 7 8 |  8.3
Dodging        | 3 |  3.8
Fighting       | |  2.4
Stealth        | |  0.7

Action                   |  1- 3 |  4- 6 || total
-------------------------+-------+-------++-------
Melee: Shortbow          |    85 |    37 ||   122
       Headbutt          |    24 |     7 ||    31
       Unarmed           |       |     6 ||     6
       Flail             |       |    16 ||    16
 Fire: Shortbow          |    72 |   143 ||   215
Throw: Stone             |       |     9 ||     9
  Use: Potion            |       |     9 ||     9
       Scroll            |       |     5 ||     5
 Stab: Confused          |       |     1 ||     1
  Eat: Chunk             |     2 |     3 ||     5
       Bread ration      |       |     1 ||     1
Armor: Leather armour    |    28 |    16 ||    44
       Chain mail        |       |    68 ||    68
       Skin              |       |     5 ||     5
Dodge: Dodged            |    66 |   102 ||   168
